 Dungeon Crawl Stone Soup version 0.22.0-18-ge075c0de6d (webtiles) character file.

15019 KamiKatze the Blocker (level 12, -12/62 HPs)
             Began as a Vine Stalker Fighter on Aug 18, 2018.
             Was a Believer of Uskayaw.
             Splashed by Maurice's acid (13 damage)
             ... on level 11 of the Dungeon.
             The game lasted 00:45:30 (10139 turns).

KamiKatze the Blocker (Vine Stalker Fighter)       Turns: 10139, Time: 00:45:30

Health: -12/62     AC:  9    Str: 24    XL:     12   Next: 22%
Magic:  0/16       EV:  9    Int:  8    God:    Uskayaw [**....]
Gold:   356        SH: 13    Dex: 18    Spells: 11/11 levels left

rFire    + . .     SeeInvis .   a - +2 rapier (venom)
rCold    + . .     Gourm    .   L - +1 shield
rNeg     . . .     Faith    +   Q - +1 plate armour {rC+}
rPois    .         Spirit   +   (no helmet)
rElec    .         Reflect  .   G - scarf {cloud immunity}
rCorr    .         Harm     .   t - +0 pair of gloves
MR       +....                  K - +0 pair of boots
Stlth    ..........             r - amulet of faith
HPRegen  1.00/turn              M - ring of protection from fire
MPRegen  0.15/turn              x - ring "Micvexem" {Wiz Dex+4}

@: corroded, drained
A: fangs 3, regeneration 2, magic shield, antimagic bite, no potion heal 3, rot
immunity
a: Stomp, Line Pass, Renounce Religion


You were on level 11 of the Dungeon.
You worshipped Uskayaw.
Uskayaw was noncommittal.
You were not hungry.

You visited 3 branches of the dungeon, and saw 14 of its levels.
You also visited: Ossuary.

You collected 599 gold pieces.
You spent 243 gold pieces at shops.

Inventory:

Hand Weapons
 a - a +2 rapier of venom (weapon)
 b - a +2 scimitar of flaming
 c - a +2 flail of protection
Missiles
 j - 332 stones
 o - 27 tomahawks
 N - 3 throwing nets (quivered)
 P - 2 exploding tomahawks
Armour
 t - a +0 pair of gloves (worn)
 G - a scarf of cloud immunity (worn)
 K - a +0 pair of boots (worn)
 L - a +1 shield (worn)
 Q - a +1 plate armour of cold resistance (worn)
Jewellery
 h - an uncursed ring of positive energy
 r - an amulet of faith (around neck)
 w - an uncursed amulet of the acrobat
 x - the ring "Micvexem" (right hand) {Wiz Dex+4}
   (You found it on level 7 of the Dungeon)

   [ring of wizardry]

   It improves your spell success rate.
   It affects your dexterity (+4).
 B - an uncursed ring of protection from cold
 D - the ring of Interdependent Arising {rN+ Int+10}
   (You found it on level 5 of the Dungeon)

   [ring of positive energy]

   It affects your intelligence (+10).
   It protects you from negative energy.
 I - an uncursed ring of protection from magic
 M - a ring of protection from fire (left hand)
Wands
 s - a wand of disintegration (7)
 F - a wand of polymorph (10)
 O - a wand of iceblast (4)
Scrolls
 e - 6 scrolls of identify
 g - 4 scrolls of remove curse
 k - 9 scrolls of teleportation
 p - a scroll of random uselessness {unknown}
 y - a scroll of holy word {unknown}
 z - a scroll of fog
 A - a scroll of vulnerability {unknown}
 E - 2 scrolls of fear
Potions
 d - 3 potions of might
 i - 2 potions of agility
 l - 6 potions of curing
 m - 2 potions of magic
 n - a potion of lignification
 q - 5 potions of flight
 u - 2 potions of berserk rage
 v - 2 potions of resistance
 H - 2 potions of cancellation
Comestibles
 f - 14 rations
 J - 11 chunks of flesh


   Skills:
 + Level 6.8(5.6) Fighting
 + Level 6.4(5.2) Short Blades
 * Level 8.6(7.3) Armour
 * Level 8.0(6.8) Dodging
 + Level 8.9(7.6) Shields
 + Level 4.8(3.6) Invocations


You had 11 spell levels left.
You didn't know any spells.
Your spell library contained the following spells:

 Spells                   Type           Power        Failure   Level  Hunger
 Animate Skeleton         Necr           N/A          99%         1    ##.....
 Apportation              Tloc           #.....       99%         1    ##.....
 Confusing Touch          Hex            #.....       99%         1    ##.....
 Magic Dart               Conj           #...         99%         1    ##.....
 Summon Small Mammal      Summ           #...         99%         1    ##.....
 Blink                    Tloc           N/A          100%        2    ###....
 Call Imp                 Summ           #.......     100%        2    ###....
 Slow                     Hex            #.......     100%        2    ###....
 Confuse                  Hex            #.......     100%        3    ####...
 Conjure Flame            Conj/Fire      #.......     100%        3    ####...
 Gell's Gravitas          Tloc           #.........   100%        3    ####...
 Mephitic Cloud           Conj/Pois/Air  #.......     100%        3    ####...
 Petrify                  Tmut/Erth      #.......     100%        4    #####..
 Metabolic Englaciation   Hex/Ice        #.........   100%        5    ######.
 Yara's Violent Unravell  Hex/Tmut       #.........   100%        5    ######.


Dungeon Overview and Level Annotations

Branches:
Dungeon (11/15)            Temple (1/1) D:7            Lair (2/6) D:10
  Swamp (0/4) Lair:2          Orc (0/2) D:10
  Snake: Lair:2-4    Spider: Lair:2-4

Altars:
Ashenzari
Cheibriados
Dithmenos
Elyvilon
Fedhas
Gozag
Hepliaklqana
Kikubaaqudgha
Makhleb
Nemelex Xobeh
Okawaru
Qazlal
Ru
Sif Muna
Trog
Uskayaw
Vehumet
Wu Jian
Xom
Yredelemnul
Zin
The Shining One
Jiyva

Shops:
D:5 (

Annotations:
D:11 Maurice
Lair:1 3 runed doors, exclusion: oklob plant, Tenshin's ghost, journeyman DsGl


Innate Abilities, Weirdness & Mutations

You have razor-sharp teeth.
You heal very quickly.
When hurt, damage is shared between your health and your magic reserves.
Your bite disrupts and absorbs the magic of your enemies.
Potions cannot restore your health.
You are immune to rotting.


Message History

You are too injured to fight recklessly!
You are too injured to fight recklessly!
You are too injured to fight recklessly!
You miss Maurice. You bite Maurice, but do no damage.
Maurice is heavily wounded.
Maurice zaps a wand.
The bolt of acid hits you!
* * * LOW HITPOINT WARNING * * *
The acid corrodes you!
You are splashed with acid!
The acid burns!
* * * LOW HITPOINT WARNING * * *
You hit Maurice.
Maurice looks as sick as possible!
You bite Maurice, but do no damage.
Maurice is heavily wounded.
Maurice hits you but does no damage.
You can now pass through a line of other dancers.
You completely miss Maurice. Your bite misses Maurice.
Maurice is severely wounded.
Maurice zaps a wand.
The bolt of acid hits you!
* * * LOW HITPOINT WARNING * * *
The acid corrodes you!
You are splashed with acid!
The acid burns!
You die...

########## #########
.........# ###........
.........#####@@........#
##
.........#.....#........#
#.
........!'.#####........#
#. .........###
#........# ###.
.........#
#........#####)))
......@..#
#........#[)[..#.
........[#
#..........#####.
......@..# #........###
#. .O.......# #........#
#.


You could see Maurice.

Vanquished Creatures
  Harold (D:8)
  Erica (D:11)
  2 two-headed ogres (D:10)
  Pikel (D:4)
  A cyclops (D:11)
  A black mamba (Lair:1)
  A spiny frog (Lair:2)
  4 komodo dragons
  3 trolls
  3 hippogriffs
  10 yaks (Lair:1)
  A basilisk (Lair:1)
  A steam dragon (D:8)
  Edmund (D:5)
  4 porcupines
  2 water moccasins (Lair:1)
  6 orc warriors
  3 sky beasts (D:5)
  3 ice beasts
  A black bear (D:11)
  4 phantoms
  6 ogres
  4 centaurs
  3 crocodiles (Lair:1)
  8 bullfrogs
  9 jellies
  2 water moccasin zombies
  A wyvern skeleton (D:7)
  13 scorpions
  5 killer bees (D:10)
  4 wights (D:11)
  2 howler monkeys (D:8)
  3 crimson imps
  3 centaur zombies
  A quasit (D:7)
  2 hounds (D:6)
  4 orc priests
  A bullfrog skeleton (D:6)
  2 human zombies (Ossuary)
  4 iguanas
  13 orc wizards
  5 worker ants
  A killer bee zombie (D:10)
  A big kobold zombie (Ossuary)
  3 mummies (Ossuary)
  A howler monkey zombie (D:7)
  A worker ant zombie (D:7)
  A howler monkey skeleton (D:8)
  4 scorpion zombies (Ossuary)
  9 adders
  2 shadow imps (D:6)
  14 oozes (Lair:1)
  5 worms (D:2)
  7 leopard geckos
  37 orcs
  A ball python (D:3)
  2 giant cockroaches
  4 gnoll zombies (Ossuary)
  3 goblins
  8 hobgoblins
  12 jackals
  7 kobolds
  3 quokkas
  11 bats
  6 frilled lizards
  2 goblin zombies (Ossuary)
  2 hobgoblin zombies (Ossuary)
  A jackal skeleton (D:7)
  A kobold zombie (Ossuary)
  2 leopard gecko skeletons
  An orc zombie (Ossuary)
  6 rats
  4 plants (D:10)
311 creatures vanquished.

Vanquished Creatures (others)
  A slave (D:4)
  A sky beast (D:8)
  A scorpion (Ossuary)
  An adder (D:4)
  A giant cockroach (D:4)
  2 fungi (Lair:1)
  2 plants
9 creatures vanquished.

Grand Total: 320 creatures vanquished

Notes
Turn   | Place    | Note
-------+----------+-------------------------------------------
     0 | D:1      | KamiKatze the Vine Stalker Fighter began the quest for the Orb.
     0 | D:1      | Reached XP level 1. HP: 11/11 MP: 2/2
   185 | D:1      | Found a sparkling altar of Nemelex Xobeh.
   188 | D:1      | Reached XP level 2. HP: 11/16 MP: 1/3
   693 | D:2      | Reached XP level 3. HP: 8/19 MP: 4/4
   950 | D:2      | Found a faded altar of an unknown god.
  1012 | D:2      | Reached skill level 1 in Dodging
  1407 | D:2      | Gained mutation: Your natural rate of healing is unusually fast. [Vine Stalker growth]
  1407 | D:2      | Reached XP level 4. HP: 19/23 MP: 5/5
  1706 | D:3      | Reached XP level 5. HP: 11/28 MP: 2/6
  2227 | D:4      | Noticed an ogre
  2323 | D:4      | Noticed Pikel
  2323 | D:4      | Noticed a slave
  2323 | D:4      | Noticed a slave
  2333 | D:4      | Noticed a slave
  2334 | D:4      | Noticed a slave
  2357 | D:4      | Killed Pikel
  2357 | D:4      | Reached XP level 6. HP: 21/32 MP: 5/7
  2357 | D:4      | Reached XP level 7. HP: 24/36 MP: 5/8
  2585 | D:4      | Gained mutation: You have razor-sharp teeth. [Vine Stalker growth]
  2585 | D:4      | Reached XP level 8. HP: 23/42 MP: 4/9
  2729 | D:4      | Reached skill level 5 in Shields
  3200 | D:5      | Entered Level 5 of the Dungeon
  3264 | D:5      | Found a sand-covered staircase.
  3299 | Ossuary  | Entered an ossuary
  3394 | Ossuary  | Reached skill level 5 in Armour
  3544 | Ossuary  | Reached XP level 9. HP: 40/46 MP: 10/10
  3947 | D:5      | Noticed Edmund
  3965 | D:5      | Killed Edmund
  4110 | D:5      | Found Mualoc's Antique Weapon Shoppe.
  4429 | D:5      | Got a heavily runed marble ring
  4482 | D:5      | Bought a runed rapier for 126 gold pieces
  4604 | D:5      | Identified the ring of Interdependent Arising {rN+ Int+10} (You found it on level 5 of the Dungeon)
  4647 | D:6      | Reached skill level 5 in Dodging
  4773 | D:6      | Found a hide-covered altar of Uskayaw.
  4781 | D:6      | Became a worshipper of Uskayaw the Reveler
  4795 | D:6      | Reached * piety under Uskayaw
  4797 | D:6      | Reached ** piety under Uskayaw
  4802 | D:6      | Reached *** piety under Uskayaw
  4809 | D:6      | Reached **** piety under Uskayaw
  4966 | D:6      | Reached skill level 5 in Fighting
  5064 | D:6      | Found a blossoming altar of Fedhas.
  5064 | D:6      | Found a hazy altar of Hepliaklqana.
  5437 | D:7      | Reached skill level 1 in Invocations
  5455 | D:7      | Reached XP level 10. HP: 51/51 MP: 11/11
  5536 | D:7      | Found a staircase to the Ecumenical Temple.
  5554 | Temple   | Entered the Ecumenical Temple
  5865 | D:7      | Found a snail-covered altar of Cheibriados.
  5870 | D:7      | Found a basalt altar of Yredelemnul.
  5875 | D:7      | Found a glowing silver altar of Zin.
  6152 | D:7      | Got a shimmering brass ring
  6253 | D:8      | Noticed Harold
  6429 | D:8      | Found an ornate altar of the Wu Jian Council.
  6564 | D:8      | Killed Harold
  6564 | D:8      | Reached skill level 5 in Short Blades
  6565 | D:8      | Reached ***** piety under Uskayaw
  6828 | D:8      | Identified the ring "Micvexem" {Wiz Dex+4} (You found it on level 7 of the Dungeon)
  6976 | D:9      | Got an iridescent falchion
  7098 | D:9      | Identified the cursed +0 falchion of Accord {protect, +Fly rPois Int-2 Dex-3} (You found it on level 9 of the Dungeon)
  7242 | D:10     | Entered Level 10 of the Dungeon
  7332 | D:10     | Found a staircase to the Lair.
  7392 | D:10     | Noticed a two-headed ogre
  7408 | D:10     | Killed a two-headed ogre
  7411 | D:10     | Reached XP level 11. HP: 23/56 MP: 10/14
  7718 | D:10     | Noticed a two-headed ogre
  7841 | D:10     | Killed a two-headed ogre
  7998 | D:10     | Found a staircase to the Orcish Mines.
  8108 | Lair:1   | Entered Level 1 of the Lair of Beasts
  8134 | Lair:1   | Reached ****** piety under Uskayaw
  8227 | Lair:1   | Found a runed gate.
  8229 | Lair:1   | Found a runed gate.
  8229 | Lair:1   | Found a runed gate.
  8231 | Lair:1   | Found a viscous altar of Jiyva.
  8231 | Lair:1   | Noticed Tenshin's ghost (journeyman DsGl)
  8615 | Lair:1   | Noticed an oklob plant
  9437 | Lair:2   | Gained mutation: You heal very quickly. [Vine Stalker growth]
  9437 | Lair:2   | Reached XP level 12. HP: 43/62 MP: 14/16
  9453 | Lair:2   | Found a staircase to the Swamp.
  9469 | Lair:2   | Noticed a seven-headed hydra
  9652 | D:5      | Bought a glowing flail for 117 gold pieces
  9821 | D:11     | Noticed Erica
  9843 | D:11     | Killed Erica
 10119 | D:11     | Noticed Maurice
 10137 | D:11     | HP: 2/62 [acid (12)]
 10139 | D:11     | Splashed by Maurice's acid

Skill      XL: |  1  2  3  4  5  6  7  8  9 10 11 12 |
---------------+-------------------------------------+-----
Short Blades   | 2 3 4 5 6 |  6.4
Shields        | 3 4 5 6 7 8 |  8.9
Dodging        | 1 2 3 4 5 6 7 8 |  8.0
Fighting       | 3 4 5 6 |  6.8
Armour         | 3 4 5 6 7 8 |  8.6
Invocations    | 1 3 4 |  4.8

Action                   |  1- 3 |  4- 6 |  7- 9 | 10-12 || total
-------------------------+-------+-------+-------+-------++-------
Melee: Rapier            |   118 |   147 |   463 |   579 ||  1307
       Bite              |    35 |    39 |   182 |   258 ||   514
Throw: Tomahawk          |       |       |     5 |     4 ||     9
       Throwing net      |       |       |       |     1 ||     1
  Use: Scroll            |       |     8 |     7 |     7 ||    22
       Potion            |       |       |       |     1 ||     1
 Stab: Paralysed         |       |       |     5 |    22 ||    27
  Eat: Chunk             |     2 |     3 |     7 |    13 ||    25
       Ration            |       |       |     1 |     1 ||     2
Armor: Scale mail        |    42 |    72 |    88 |       ||   202
       Chain mail        |       |       |    32 |    42 ||    74
       Plate armour      |       |       |       |   135 ||   135
Dodge: Dodged            |    24 |    47 |   137 |   140 ||   348
Block: Shield            |    55 |    72 |   197 |   310 ||   634
